[Event "1000GM 0004 IM Norm 2022"]
[Site "Saint Louis"]
[Date "2022.09.21"]
[Round "1.1"]
[White "Chen, Ryo"]
[Black "Denby, Caleb"]
[Result "1/2-1/2"]
[ECO "B10"]
[WhiteElo "2256"]
[BlackElo "2201"]
[Annotator "TA"]
[PlyCount "284"]
[EventDate "2022.09.21"]
[EventType "tourn"]
[EventCountry "USA"]
[SourceTitle "playchess.com"]
[Source "ChessBase"]
[SourceQuality "1"]
[TimeControl "5400+30"]

1. e4 c6 2. Nf3 d5 3. d3 Bg4 4. h3 Bxf3 5. Qxf3 e6 6. g3 Nf6 7. Bg2 Nbd7 8. O-O Be7 9. Qe2 dxe4 10. dxe4 e5 11. Rd1 O-O 12. Nd2 Qc7 13. b3 Rfd8 14. Bb2 Nf8 15. Nc4 N6d7 16. h4 Bf6 (16... Ne6 $11 {remains equal.}) 17. Ba3 $16 b5 18. Bd6 Qb7 19. Ne3 g6 20. Bh3 Bg7 21. Rd3 Nf6 22. Ng4 Nxe4 23. Bxf8 (23. Qxe4 f5 24. Qe1 e4 25. Bxf8 exd3 26. Bxg7 Qxg7 $15) 23... Rxf8 {[%emt 0:02:05] [#]} 24. Rd7 $1 (24. Qxe4 f5 25. Nh6+ Bxh6 26. Qxe5 Rfe8 $11) 24... Qxd7 25. Nh6+ $1 Bxh6 26. Bxd7 Nc3 27. Qd3 b4 28. a3 c5 (28... e4 $16 {was worth a try.} 29. Qc4 Bg7) 29. axb4 (29. Qc4 $18) 29... cxb4 $16 30. Ra5 e4 31. Qc4 Bd2 (31... Rab8 $16 {was necessary.}) 32. Re5 a5 33. Re7 Ra7 (33... Bh6 $142 34. Bc6 Rad8) 34. Qc5 $18 Raa8 35. Qc4 Ra7 $1 36. Kg2 Bh6 37. Qc5 Raa8 38. Bc6 Rac8 39. Qb6 Rfd8 (39... e3 $142) 40. Qb7 $18 (40. Qxa5 $6 e3 $16) (40. Bxe4 $2 Bf8 41. Re5 Bg7 $17) 40... Rf8 $2 (40... e3 {is a better defense.} 41. Bd7 (41. fxe3 Rd2+ 42. Kh3 Rf8 $16) (41. Rxf7 Rxc6 42. Qxc6 Kxf7 $11) 41... Rb8) 41. Rxf7 $18 Rxf7 42. Qxc8+ Bf8 43. Qa8 Kg7 44. Qxa5 Bd6 45. Qb6 Rf6 46. Qa7+ Rf7 47. Qd4+ Rf6 48. Bxe4 Nxe4 49. Qxe4 h5 50. Qd4 Kf7 51. c3 bxc3 52. Qxc3 Be7 53. Qc4+ Kf8 54. b4 Bd8 55. f4 Ke7 56. Kf3 Bb6 57. b5 Bd8 58. Qc5+ Ke8 59. Ke4 Bb6 60. Qc8+ Ke7 61. Qb7+ Ke8 62. Qc8+ Ke7 63. Qb7+ Ke8 $1 64. Qg7 Bd8 65. Kf3 Be7 66. g4 hxg4+ 67. Kxg4 Bd8 68. Qg8+ Kd7 69. Qd5+ Ke8 70. h5 (70. Qd4 $142 {aiming for Qd5.} Ke7 71. f5) 70... gxh5+ $18 71. Qxh5+ Kd7 72. Qd5+ Ke8 73. f5 (73. Kf3 $142) 73... Rb6 74. Kf4 Bc7+ 75. Ke4 Bd8 76. Qc5 Rf6 77. Qc4 Rb6 78. Ke5 Bf6+ 79. Kd5 Bd8 80. Qb4 Rf6 81. Qb3 Rb6 82. Ke5 Bf6+ 83. Ke4 Bd8 84. Qg8+ Kd7 85. Qf7+ Kc8 86. Qa7 Rf6 87. Kf4 Rb6 88. Qf7 Rf6 89. Qe8 Rb6 90. Ke5 Kc7 91. Qg6 Kc8 92. Qg4 (92. Qe8 Kc7 93. Qf7+ Kc8 94. Qe8 $18) 92... Kc7 93. Kd5 Rf6 94. Qc4+ Kd7 95. Qe4 Rb6 96. Kc5 Rf6 97. Qb7+ Ke8 98. Qc8 Ke7 99. Kd4 ({Not} 99. Qb7+ Ke8 100. Kd4 Rb6 $18) 99... Rb6 100. Ke4 Ke8 101. Kf4 Rf6 102. Kg4 Rb6 103. Qc4 Rf6 104. Qd4 Rb6 105. Kh5 Rf6 106. Qd5 Rb6 107. Qg2 Rf6 108. Qg4 Rb6 109. Qg7 Rf6 110. Qh7 Rb6 111. Qg7 Rf6 $1 112. Kg4 Rb6 113. Kf4 Rf6 114. Ke4 Rb6 115. Kd3 Rf6 116. Kc4 Rb6 117. Kc5 {[%emt 0:00:44] Threatening mate with Qh8+.} Rf6 118. Qh7 {[%emt 0:00:31] Strongly threatening Qg8+.} Bb6+ 119. Kc4 {[%emt 0:00:18] White wants to mate with Qg8+.} Bd8 120. Qh3 $2 (120. Qb7 $18 {Black must now prevent Kd3.} Rd6 121. Qa7) 120... Rb6 $2 (120... Bb6 $11 121. Qh8+ Kf7 122. Qh7+ Kf8 123. Kd5) 121. f6 Rxf6 122. Qc8 Rb6 123. Kc5 Rf6 124. Qa8 Kd7 125. Qb7+ Ke8 126. Qg7 Bb6+ 127. Kd5 Bd8 128. Qg4 Rb6 129. Kc5 {[%emt 0:00:34] Intending Qg8+ and mate.} Rf6 130. Kb4 Rb6 131. Ka4 Rf6 132. Qh4 Rb6 133. Qh1 Kd7 134. Qd5+ Kc8 135. Kb4 Rf6 136. Qe5 Kd7 137. Kc5 Bb6+ 138. Kd5 Bd8 139. Qb8 Rf5+ 140. Kc4 Rf6 {[%emt 0:00:04] Against b6} 141. Qb7+ Ke8 142. Qd5 Rf7 $2 (142... Ke7 143. Qe5+ Kd7 144. Qd5+ Kc8) 1/2-1/2

[Event "1000GM 0004 IM Norm 2022"]
[Site "Saint Louis"]
[Date "2022.09.21"]
[Round "1.3"]
[White "Antova, Gabriela"]
[Black "Yim, Sung Ho"]
[Result "1-0"]
[ECO "A06"]
[WhiteElo "2305"]
[BlackElo "2207"]
[Annotator "TA"]
[PlyCount "83"]
[EventDate "2022.09.21"]
[EventType "tourn"]
[EventCountry "USA"]
[SourceTitle "playchess.com"]
[Source "ChessBase"]
[SourceQuality "1"]
[TimeControl "5400+30"]

1. Nf3 d5 2. e3 Nf6 3. b3 Bf5 4. Bb2 h6 5. Be2 e6 6. d3 {[%emt 0:05:36] A06: Réti Opening: 1 Nf3 d5.} Nbd7 7. O-O c6 8. c4 {[%emt 0:09:05] The position is equal.} Bh7 9. Nbd2 Be7 10. Re1 O-O 11. Qc2 {[%emt 0:02:56] [#]} Bd6 $146 ({Predecessor:} 11... a5 12. a3 Qb6 13. e4 Rfd8 14. Bf1 dxe4 15. dxe4 Bc5 16. Re2 Ng4 17. Nb1 Ndf6 18. Nc3 Qxb3 19. Qxb3 {1-0 (19) Kozlov,O (2279)-Pakleza,Z (2499) Chess.com INT 2022}) 12. e4 dxe4 13. Nxe4 Nxe4 14. dxe4 Qe7 15. a3 a5 $1 {[%emt 0:01:57] Inhibits b4.} 16. Bd3 e5 17. Qc3 Rfe8 18. g3 Bc5 19. Kg2 Red8 20. Qc2 f6 21. Nh4 Nf8 22. Nf5 Qc7 23. Red1 Kh8 24. Bc3 Bxf5 (24... Qb6 $15) 25. exf5 $11 Qe7 26. Bb2 Rd7 27. Be2 Rad8 28. Bc3 Ra8 29. Rxd7 Nxd7 30. Qd2 (30. Rd1 $5 ) 30... b6 (30... Bd4 $11) 31. Rd1 $14 {[%emt 0:00:15] White is more active.} Ra7 ({Black should try} 31... Rd8 $14) 32. b4 $18 axb4 33. axb4 Bd4 34. Bxd4 exd4 {[%emt 0:00:08] [#]} 35. Re1 (35. Bh5 $1 $18) 35... Qd6 {[%emt 0:01:06] [#]} (35... Ra8 $16) 36. Bh5 $1 Nf8 37. Re8 {[%emt 0:00:27][%cal Od2d4] Inhibits Ra8. Threatening mate with Qxd4!} Rd7 $2 {[%emt 0:00:38] [#]} (37... g5 38. fxg6 Kg7) 38. Qxd4 $3 {[%emt 0:00:37][%mdl 512] White is clearly winning.} Kg8 (38... g6 39. Qxd6) 39. Qxb6 Re7 40. c5 Qd7 41. Rxe7 Qxe7 42. Qxc6 {[%emt 0:00:04] Weighted Error Value: White=0.10 (very precise) /Black=0.20 (precise)} 1-0

[Event "1000GM 0004 IM Norm 2022"]
[Site "Saint Louis"]
[Date "2022.09.21"]
[Round "1.4"]
[White "Eckert, Doug"]
[Black "Tsolakidou, Stavroula"]
[Result "0-1"]
[ECO "A29"]
[WhiteElo "2165"]
[BlackElo "2400"]
[Annotator "TA"]
[PlyCount "86"]
[EventDate "2022.09.21"]
[EventType "tourn"]
[EventCountry "USA"]
[SourceTitle "playchess.com"]
[Source "ChessBase"]
[SourceQuality "1"]
[TimeControl "5400+30"]

1. c4 e5 2. Nc3 Nf6 3. Nf3 Nc6 4. g3 Bb4 5. Nd5 Bc5 6. Bg2 e4 7. Nh4 O-O 8. O-O Re8 9. d3 exd3 10. Qxd3 Ne5 11. Qc2 Nxd5 12. cxd5 d6 {[%emt 0:00:28] A29: English Opening: Four Knights Variation with 4 g3.} 13. Bd2 Bg4 {[%emt 0:06:03] [#]} 14. b4 $146 ({Predecessor:} 14. Rae1 Qd7 15. b3 Ng6 16. Nxg6 hxg6 17. e4 Bh3 18. Be3 Bg4 19. Bd2 Bh3 20. Be3 Bxg2 21. Kxg2 {0-1 (71) Karaokcu,E (2286)-Atabayev,S (2430) Konya 2022}) 14... Bb6 {[%emt 0:01:56] The position is equal.} 15. Rae1 a5 16. h3 (16. b5 $11) 16... Bd7 $15 17. a3 axb4 18. axb4 Ra3 {[%emt 0:03:11] [#] Strongly threatening ...Rxg3.} 19. Kh2 Ba4 20. Qc1 Ra2 21. Bc3 Bb5 {[%emt 0:04:20] Black is much more active.} 22. f4 (22. Qb1 $17 Qa8 23. f4) 22... Nd7 ({Inferior is} 22... Bxe2 23. fxe5 Bxf1 24. Rxf1 dxe5 25. Qd1 $11) 23. Qb1 Raxe2 24. Nf5 f6 25. Rxe2 Rxe2 26. Re1 Qe8 27. Rxe2 Qxe2 ({Worse is} 27... Bxe2 28. Qe1 Bh5 29. Qe6+ Bf7 30. Qxe8+ Bxe8 31. g4 $15) 28. Qe4 Qxe4 29. Bxe4 Bc4 30. Kg2 (30. Nd4 $17 {is a better defense.}) 30... g6 $19 31. Nd4 f5 32. Bf3 Nf6 33. Nxf5 {[%emt 0:01:28] [#] aiming for Nh6+.} Nxd5 ({Weaker is} 33... gxf5 34. Bxf6 Kf7 35. Bg5 $15) 34. Nh6+ Kf8 35. Bd2 Ne3+ (35... Bd4 $19 {White must now prevent ...b5.} 36. Ng4 b5) 36. Kh1 {[%emt 0:00:45] Loses the game.} (36. Bxe3 $17 {was the only chance.} Bxe3 37. Bxb7) 36... c6 37. Ng4 Nf5 38. Kg2 Bd4 {[%emt 0:00:04] Against Nf6} 39. Nf2 Ne3+ 40. Bxe3 Bxe3 41. Ne4 Ke7 42. h4 d5 43. Ng5 h6 {[%emt 0:00:33] Weighted Error Value: White=0.25 (precise) /Black=0.12 (very precise)} 0-1

[Event "1000GM 0004 IM Norm 2022"]
[Site "Saint Louis"]
[Date "2022.09.21"]
[Round "1.5"]
[White "Krishnan, Varun"]
[Black "Cervantes Landeiro, Thalia"]
[Result "1-0"]
[ECO "B90"]
[WhiteElo "2306"]
[BlackElo "2280"]
[Annotator "TA"]
[PlyCount "163"]
[EventDate "2022.09.21"]
[EventType "tourn"]
[EventCountry "USA"]
[SourceTitle "playchess.com"]
[Source "ChessBase"]
[SourceQuality "1"]
[TimeControl "5400+30"]

1. e4 c5 2. Nf3 d6 3. d4 cxd4 4. Nxd4 Nf6 5. Nc3 a6 6. Rg1 e5 7. Nb3 Be6 8. g4 {[%emt 0:00:40] B90: Sicilian Najdorf: Unusual White 6th moves, 6 Be3 Ng4 and 6 Be3 e5.} d5 9. exd5 Nxd5 10. Nxd5 {[%emt 0:00:08] The position is equal.} Qxd5 11. Qxd5 Bxd5 12. Be3 Nc6 13. O-O-O O-O-O 14. Bb6 Rd6 15. g5 Be6 16. Bg2 Rxd1+ 17. Rxd1 Be7 18. h4 h6 {[%emt 0:06:01] [#]} 19. Be3 $146 ({Predecessor:} 19. Nc5 hxg5 20. Nxe6 fxe6 21. hxg5 Bxg5+ 22. Kb1 Rh2 23. Be4 Nb8 24. Rg1 Bh6 25. Rg3 {½-½ (41) Simmelink,J (2297)-Bernal Varela,N (2172) Chessfriend.com 2005}) 19... hxg5 20. hxg5 Bg4 21. Rg1 {[%emt 0:08:32] And now Bxc6 would win.} Be6 22. Nc5 Bxc5 ({Much less strong is} 22... Bxa2 23. b3 $16) 23. Bxc5 Nd4 24. Re1 {[%emt 0:03:22] Inhibits Ne2+.} Rh2 25. Rxe5 Nb3+ 26. axb3 Rxg2 $14 {[%emt 0:00:09][%mdl 4096] Endgame KRB-KRB} 27. Bb6 Kd7 28. Be3 g6 29. Kd2 Kd6 30. Ra5 Rg4 31. Ra1 Rh4 32. Re1 Kc6 33. Ba7 Rg4 34. Be3 Rh4 35. Ra1 Kd6 36. Kc3 Kc6 37. Ra5 Rg4 38. Bd4 Bd5 39. Be3 Be6 40. Kd2 Kd6 41. c4 Rg1 42. Bf4+ Kc6 43. Kc3 Rg4 44. Be3 Kd6 45. Kb4 Kc6 46. Ra1 Rh4 47. Kc3 Kc7 48. Kd3 Bf5+ 49. Kd2 Kc6 50. Rc1 Be6 51. Kc3 Kc7 52. Rd1 Kc6 53. Rd2 Kc7 54. Bd4 Rh3+ 55. Kb4 b6 56. Be5+ Kb7 57. Bg3 (57. Rd6 $16) 57... Rh5 58. Bf4 $1 Rh3 59. Be3 Kc7 60. Kc3 Rh4 61. Rd1 Rh3 {[%emt 0:00:28] White leaves nothing to chance now.} (61... Re4 $14 {deserves consideration.}) 62. Kd4 Rh4+ 63. Ke5 $1 b5 {[%emt 0:00:38] [#]} 64. Bf4 $1 Rh3 65. Bg3 Rh8 $2 (65... bxc4 66. bxc4 Rh8) 66. Rd6 Kb7 $2 (66... Bf5 67. Rxa6 Kb7) 67. Rxe6 $18 fxe6 {[%emt 0:00:02] [#] KR-KB} 68. Kf6 $1 Kc6 69. Kxg6 {[%emt 0:00:34] Hoping for Kf7.} Kd7 70. Kf7 {[%emt 0:00:59] Black must now prevent g6.} Rh7+ 71. Kf6 {[%emt 0:00:11] Strongly threatening g6.} Rh5 72. c5 a5 73. c6+ Kxc6 74. g6 {[%emt 0:00:38][%cal Bg5g6,Bg6g7][%mdl 32] White wants to mate with g7.} Rf5+ 75. Kxe6 Rg5 76. Kf6 Rg4 77. Kf5 Rd4 78. g7 Rd8 79. Ke6 a4 80. bxa4 {[%emt 0:00:49] White mates.} bxa4 81. Kf7 Rd7+ 82. Kg6 {[%emt 0:00:08] Weighted Error Value: White=0.08 (flawless) /Black=0.05 (flawless)} 1-0